 Dungeon Crawl Stone Soup version 0.30-b1-2-g02819fbbbe (webtiles) character file.

Game seed: 4610207265258382736

803 redmage the Digger (level 8, -1/57 HPs)
             Began as a Meteoran Earth Elementalist on Sept 22, 2023.
             Slain by a hornet (2 damage)
             ... on level 7 of the Dungeon.
             The game lasted 00:11:36 (1164 turns).

redmage the Digger (Meteoran Earth Elementalist)    Turns: 1164, Time: 00:11:36

Health: -1/57      AC:  2    Str: 11    XL:     8   Next: 36%
Magic:  8/19       EV: 12    Int: 18    God:
Gold:   254        SH:  0    Dex: 14    Spells: 15/21 levels left

rFire   + . .        c - +2 dagger (flame)
rCold   + . .        (no shield)
rNeg    . . .        a - +0 robe
rPois   .            (no helmet)
rElec   .            (no cloak)
rCorr   .            (no gloves)
SInv    .            (no boots)
Will    +....        (no amulet)
Stlth   +            r - ring of protection from fire
HPRegen 0.29/turn    m - ring of protection from cold
MPRegen 0.16/turn

%: no passive effects
@: lethally poisoned (-1 -> -31), slowed, glowing, very slow
A: sense surroundings 1, otherworldly, glowing, explore regen
a: no special abilities


You were on level 7 of the Dungeon.
You visited 1 branch of the dungeon, and saw 8 of its levels.

You collected 254 gold pieces.

Inventory:

Hand Weapons
 c - a +2 dagger of flaming (weapon)
Armour
 a - a +0 robe (worn)
 i - a +0 buckler
Jewellery
 k - a ring of ice
 m - a ring of protection from cold (right hand)
 r - a ring of protection from fire (left hand)
Scrolls
 d - a scroll of enchant weapon
 g - 2 scrolls of teleportation
 j - a scroll of fear
 n - a scroll of vulnerability {unknown}
 p - a scroll of enchant armour {unknown}
Potions
 b - 2 potions of magic
 e - a potion of ambrosia
 f - a potion of brilliance {unknown}
 h - 2 potions of lignification {unknown}
 l - a potion of heal wounds {unknown}
 q - a potion of curing {unknown}


   Skills:
 - Level 2.7 Dodging
 - Level 1.6 Stealth
 + Level 7.0 Spellcasting
 - Level 4.0 Conjurations
 - Level 1.7 Transmutations
 + Level 7.2 Earth Magic


You had 15 spell levels left.
You knew the following spells:

 Your Spells              Type           Power      Damage    Failure   Level
a - Sandblast             Erth           64%        2d14      1%          1
b - Passwall              Tmut/Erth      18%        N/A       2%          2
c - Stone Arrow           Conj/Erth      52%        3d10      3%          3

Your spell library contained the following spells:

 Spells                   Type           Power      Damage    Failure   Level
 Petrify                  Tmut/Erth      22%        N/A       17%         4
 Gell's Gravitas          Tloc           6%         N/A       32%         3
 Teleport Other           Tloc           6%         N/A       32%         3
 Dispersal                Tloc           3%         N/A       100%        6


Dungeon Overview and Level Annotations

Branches:
Dungeon (8/15) Zot: 3585   Temple (0/1) D:7
   Lair: D:8-11

Altars:
Okawaru
Qazlal
The Shining One

Shops:
D:7 *


Innate Abilities, Weirdness & Mutations

You passively map a small area around you.
You are easily found by Zot.
You glow in the dark.
You regain HP and MP as you explore.


Message History

Aiming: Stone Arrow (dangerous; 3% risk of failure)
Press: ? - help, Shift-Dir - straight line, f/p - hornet
Aim: a hornet (heavily wounded, 57% to hit)
The stone arrow hits the hornet!
The hornet is severely wounded.
The hornet stings you!
You are poisoned.
You feel yourself slow down. The hornet stings you.
You are more poisoned.
You feel as though you will be slow longer.
Casting: Stone Arrow (dangerous; 3% risk of failure)
Confirm with . or Enter, or press ? or * to list all spells.
Aiming: Stone Arrow (dangerous; 3% risk of failure)
Press: ? - help, Shift-Dir - straight line, f/p - hornet
Aim: a hornet (severely wounded, 57% to hit)
The stone arrow hits the hornet!
The hornet is almost dead.
You feel very sick. The hornet stings you.
You feel as though you will be slow longer.
The hornet stings you.
You are lethally poisoned!
You feel as though you will be slow longer.
Casting: Stone Arrow (dangerous; 3% risk of failure)
Confirm with . or Enter, or press ? or * to list all spells.
Aiming: Stone Arrow (dangerous; 3% risk of failure)
Press: ? - help, Shift-Dir - straight line, f/p - hornet
Aim: a hornet (almost dead, 57% to hit)
The stone arrow misses the hornet.
* * * LOW HITPOINT WARNING * * *
You feel extremely sick. The hornet stings you.
* * * LOW HITPOINT WARNING * * *
You are more poisoned.
You feel as though you will be slow longer.
The hornet stings you!
* * * LOW HITPOINT WARNING * * *
You feel as though you will be slow longer.
The hornet stings you.
You die...

*,,* *,***,,,,,,,,,>*#.........##
**,***,,,,,,,.......##......##.##
,,,,**,***,**#......####..###...#
**,,,,,* *,* #......# #......∩..
**,,,,,***+###......# ###..#...#
,*,,,,,,,+_+...$...$# #####.##
,,,***,******#..>...# ##.# ,,**
*,* *** #..y...# #..# ,,*
*,***####..@############.### ,,*
*,,,...........<..<......... ,,*
*,,*######################## ,**
*,** ,** *,* ,,* *** ,,* ,,* ,,*


You could see a hornet.

Vanquished Creatures
  Duvessa (D:5)
  2 sky beasts
  2 phantoms
  A bullfrog (D:5)
  2 jellies
  A hound (D:5)
  4 iguanas
  An orc wizard (D:6)
  3 adders (D:4)
  An ufetubus (D:6)
  2 dart slugs
  13 orcs
  2 bats
  2 endoplasms (D:4)
  2 hobgoblins (D:4)
  4 jackals (D:1)
  2 quokkas
  2 ball pythons
  2 goblins
  3 kobolds
52 creatures vanquished.

Notes
Turn   | Place    | Note
-------+----------+-------------------------------------------
     0 | D:1      | redmage the Meteoran Earth Elementalist began the quest for
                  | the Orb.
     0 | D:1      | Reached XP level 1. HP: 14/14 MP: 5/5
    16 | D:1      | Reached XP level 2. HP: 4/20 MP: 0/6
   150 | D:3      | Learned a level 2 spell: Passwall
   164 | D:3      | Found a glowing golden altar of the Shining One.
   303 | D:4      | Reached XP level 3. HP: 26/26 MP: 5/8
   307 | D:4      | Learned a level 3 spell: Stone Arrow
   331 | D:5      | Entered Level 5 of the Dungeon
   336 | D:5      | Reached skill level 1 in Conjurations
   336 | D:5      | Reached XP level 4. HP: 26/33 MP: 4/10
   422 | D:4      | Found a stormy altar of Qazlal.
   590 | D:4      | Reached XP level 5. HP: 38/38 MP: 7/11
   699 | D:5      | Noticed a bullfrog
   700 | D:5      | Killed a bullfrog
   701 | D:5      | Reached skill level 5 in Earth Magic
   701 | D:5      | Reached XP level 6. HP: 41/45 MP: 6/13
   788 | D:5      | Found an iron altar of Okawaru.
   835 | D:6      | Noticed a sky beast
   840 | D:5      | Killed a sky beast
   841 | D:5      | Reached skill level 5 in Spellcasting
   841 | D:5      | Reached XP level 7. HP: 43/50 MP: 10/15
   864 | D:5      | Noticed Duvessa
   873 | D:5      | Killed Duvessa
   899 | D:6      | Reached XP level 8. HP: 55/57 MP: 16/18
  1101 | D:7      | Found Heaqyako's Gadget Gallery.
  1129 | D:8      | Noticed a death yak
  1129 | D:8      | Noticed a death yak
  1147 | D:6      | Noticed a rust devil
  1147 | D:6      | Noticed a rust devil
  1159 | D:7      | Noticed a hornet
  1164 | D:7      | HP: 1/57 [hornet (13)]
  1164 | D:7      | Slain by a hornet

Illustrated notes

Levels and vault maps discovered:
D:1:      dpeg_arrival_tiny_a, layout_rooms, wad_floor_pattern_1
D:2:      cheibrodos_old_hovel, layout_loops_ring, serial_aquarium,
          aquarium_bridge_square [aquarium_subvault_bridge,
          aquarium_subvault_bridge, aquarium_subvault_bridge,
          aquarium_subvault_window], aquarium_bridge_long_separate
          [aquarium_subvault_window, aquarium_subvault_bridge,
          aquarium_subvault_window, aquarium_subvault_window,
          aquarium_subvault_wall, aquarium_subvault_bridge], aquarium_window_1,
          aquarium_window_fake, aquarium_window_2, aquarium_view_2c,
          aquarium_balcony_3b, corner_web_ring,
          hangedman_abyss_or_decor_lesser_grid, uniq_robin
D:3:      layout_basic, fedhas_altar_fruit_tree, tso_metal_star
D:4:      layout_layer_cave, nicolae_qazlal_scattered_showers
D:5:      layout_gridville, nemelex_diamond_rough_becter,
          mainiacjoe_overflow_catch_the_wave, hex_large, uniq_duvessa
D:6:      cheibrodos_iron_armory, layout_loops_ring,
          kennysheep_decorative_pillar
D:7:      minmay_the_grid_triangle_9x9_rhombus_full
          [minmay_the_grid_triangle_9x9_odd_lines,
          minmay_the_grid_triangle_9x9_semitri,
          minmay_the_grid_triangle_9x9_sprig,
          minmay_the_grid_triangle_9x9_cache,
          minmay_the_grid_triangle_9x9_empty,
          minmay_the_grid_triangle_9x9_steps,
          minmay_the_grid_triangle_9x9_dagger,
          minmay_the_grid_triangle_9x9_prize_insulated], layout_rooms,
          lemuel_doored_altar, minmay_temple_entry_nine_rooms,
          hangedman_abyss_or_decor_stabs, amcnicky_mini_rare_corridor_liquid,
          nicolae_shop_gadgets
D:8:      layout_loops_ring, dpeg_lair_monsters

Skill      XL: |  1  2  3  4  5  6  7  8 |
---------------+-------------------------+-----
Spellcasting   | 3 4 5 6 7 |  7.0
Earth Magic    | 4 5 6 7 |  7.2
Conjurations   | 1 2 3 4 |  4.0
Dodging        | |  2.7
Stealth        | |  1.6
Transmutations | |  1.7

Action                     |  1- 3 |  4- 6 |  7- 9 || total
---------------------------+-------+-------+-------++-------
   Cast: Sandblast         |    32 |    44 |    18 ||    94
         Passwall          |     1 |     3 |       ||     4
         Stone Arrow       |       |     3 |    14 ||    17
    Use: Scroll            |       |     8 |     2 ||    10
 Armour: Robe              |     6 |     3 |     1 ||    10
  Dodge: Dodged            |    18 |    13 |     2 ||    33
